AoeStats
← lbaquino21

Arena

509774322Analyzed
1v1 RM · 3d ago on Sep 28, 2026· 32m 41s· 2 players
Game mode
Random Map
Map size
Tiny (2 player)
Population
200
Speed
Normal
Resources
Standard
Victory
Conquest
Starting age
Dark Age
Ending age
Imperial Age
RankedLock teamsTeams togetherTeam positionsShared explorationLock speedFull tech treeHidden civsTurbo modeCheats
Victory
Defeat
🇲🇽 Wei · Mexico
746
+15
🇧🇷 Varangians · Brazil
731
-30
lbaquino21
12:17 Feudal Age
14:01 Wheelbarrow
16:46 Horse Collar
19:02 Double-Bit Axe
22:05 Castle Age
24:49 Hand Cart
26:15 Squires
[oMXo]Gabobrice
0:53 Loom
13:08 Feudal Age
14:27 Double-Bit Axe
14:24 Horse Collar
14:36 Gold Mining
14:39 Stone Mining
17:06 Fletching
17:25 Arson
17:57 Padded Archer Armor
19:04 Town Watch
19:58 Wheelbarrow
20:17 Bloodlines
20:32 Forging
25:47 Castle Age
24:47 Scale Barding Armor
24:38 Man-at-Arms
26:15 Light Cavalry
27:01 Heavy Plow
27:14 Bow Saw
27:34 Treadmill Crane
29:03 Murder Holes
29:57 Stone Shaft Mining
30:00 Gold Shaft Mining
30:39 Bodkin Arrow
31:09 Hand Cart
31:59 Ballistics
Connection lost

Rejoining the realm…

Still unreachable

The connection could not be restored.

Session expired

The server has moved on; the page needs a fresh start.